 Dungeon Crawl Stone Soup version 0.20.1-1-g8b1a95d (webtiles) character file.

86 VirginKiller the Changer (level 4, -2/34 HPs)
             Began as a Demigod Transmuter on Oct 13, 2017.
             Slain by an orc
             ... wielding a +0 hand axe
              (3 damage)
             ... on level 3 of the Dungeon.
             The game lasted 00:11:32 (1442 turns).

VirginKiller the Changer (Demigod Transmuter)       Turns: 1442, Time: 00:11:32

Health: -2/34      AC:  2    Str: 13    XL:     4   Next: 6%
Magic:  2/9        EV: 12    Int: 17    God:
Gold:   122        SH:  0    Dex: 18    Spells: 2/6 levels left

rFire    . . .     SeeInvis .     - Unarmed
rCold    . . .     Gourm    .   (no shield)
rNeg     . . .     Faith    .   b - +0 robe
rPois    .         Spirit   .   (no helmet)
rElec    .         Reflect  .   (no cloak)
rCorr    .         Harm     .   (no gloves)
MR       .....                  (boots currently unavailable)
Stlth    ++........             (no amulet)
Regen    0.2/turn               (no ring)
MPRegen  0.2/turn               (no ring)

@: lethally poisoned (-2 -> -4), appendage (expiring), very slightly
contaminated
A: talons 3, high mp 1
a: End Transformation


You were on level 3 of the Dungeon.
You were very hungry.
You had grown temporary talons.
You visited 1 branch of the dungeon, and saw 3 of its levels.

You collected 122 gold pieces.

Inventory:

Missiles
 a - 67 arrows
Armour
 b - a +0 robe (worn)
Jewellery
 l - an uncursed ring of fire
Scrolls
 e - a scroll of noise {unknown}
 g - a scroll of random uselessness {unknown}
 j - a scroll of remove curse
 k - 3 scrolls of identify {unknown}
Books
 c - a book of Changes

   Spells                             Type                      Level
   a - Beastly Appendage              Transmutation                1
   b - Sticks to Snakes               Transmutation                2
   c - Spider Form                    Transmutation/Poison         3
   d - Ice Form                       Ice/Transmutation            4
   e - Blade Hands                    Transmutation                5
Comestibles
 d - a bread ration
 f - 2 chunks of flesh
 h - a meat ration
 i - a royal jelly


   Skills:
 - Level 0.8 Fighting
 - Level 1.7 Dodging
 - Level 2.6 Unarmed Combat
 - Level 1.7 Spellcasting
 - Level 3.4 Transmutations
 * Level 2.0 Poison Magic


You had 2 spell levels left.
You knew the following spells:

 Your Spells              Type           Power        Failure   Level  Hunger
a - Beastly Appendage     Tmut           ##....       4%          1    #......
b - Spider Form           Tmut/Pois      ##........   19%         3    ###....


Dungeon Overview and Level Annotations

Branches:
Dungeon (3/15)


Innate Abilities, Weirdness & Mutations

You have an increased reservoir of magic. (+10% MP)
You have claws for feet.


Message History

You hit the orc. You claw the orc, but do no damage.
The orc is lightly wounded.
Your transformation is almost over.
The orc hits you with a hand axe.
* * * LOW HITPOINT WARNING * * *
Some of the chunks of flesh in your inventory have rotted away.
You closely miss the orc.
The orc is lightly wounded.
* * * LOW HITPOINT WARNING * * *
You feel sick. The orc completely misses you.
You are feeling very hungry.
You barely miss the orc. You claw the orc, but do no damage.
The orc is lightly wounded.
You closely miss the orc. Your kick misses the orc.
The orc is lightly wounded.
The orc misses you.
You hit the orc. You claw the orc, but do no damage.
The orc is moderately wounded.
The orc hits you with a hand axe.
You die...

....... ....%.)
....... .......
########.......
#(....o(.......
##.############
#o# #@# #.# #.#
#.# #.# #.# #.#
#.#
#.#############


You could see an orc.

Vanquished Creatures
  A gnoll (D:1)
  2 adders
  An ooze (D:2)
  2 worms (D:2)
  A dart slug (D:1)
  2 leopard geckos (D:2)
  3 orcs (D:3)
  2 giant cockroaches (D:1)
  6 hobgoblins
  4 jackals (D:2)
  5 kobolds
  A ball python (D:1)
  4 bats (D:1)
  3 frilled lizards
  3 goblins
  3 rats
43 creatures vanquished.

Notes
Turn   | Place    | Note
-------+----------+-------------------------------------------
     0 | D:1      | VirginKiller the Demigod Transmuter began the quest for the Orb.
     0 | D:1      | Reached XP level 1. HP: 15/15 MP: 5/5
    34 | D:1      | Reached skill level 2 in Transmutations
    49 | D:1      | Reached XP level 2. HP: 22/22 MP: 5/7
   393 | D:1      | Reached skill level 3 in Transmutations
   674 | D:2      | Reached XP level 3. HP: 7/27 MP: 8/8
   716 | D:1      | Learned a level 3 spell: Spider Form
  1108 | D:2      | Reached skill level 1 in Poison Magic
  1428 | D:3      | Reached XP level 4. HP: 18/34 MP: 0/9
  1439 | D:3      | HP: 1/34 [poisoned by an adder]
  1442 | D:3      | Slain by an orc

Skill      XL: |  1  2  3  4 |
---------------+-------------+-----
Transmutations | 2 3 |  3.4
Poison Magic   | 1 2 |  2.0
Fighting       | |  0.8
Dodging        | |  1.7
Unarmed Combat | |  2.6
Spellcasting   | |  1.7

Action                   |  1- 3 |  4- 6 || total
-------------------------+-------+-------++-------
Melee: Unarmed           |   148 |    14 ||   162
       Kick              |    13 |     5 ||    18
       Headbutt          |     5 |       ||     5
 Cast: Beastly Appendage |    19 |       ||    19
       Spider Form       |    12 |       ||    12
  Use: Scroll            |     1 |       ||     1
       Potion            |     1 |       ||     1
 Stab: Sleeping          |     3 |       ||     3
  Eat: Chunk             |     4 |       ||     4
Armor: Robe              |    24 |       ||    24
       Skin              |     4 |       ||     4
Dodge: Dodged            |   116 |     7 ||   123
